 Dungeon Crawl Stone Soup version 0.20.0-15-g7f486f2 (webtiles) character file.

1017 Naow the Thaumaturge (level 8, -1/41 HPs)
             Began as a Deep Elf Wizard on June 10, 2017.
             Killed by divine providence
             ... invoked by an orc priest
              (15 damage)
             ... on level 6 of the Dungeon.
             The game lasted 00:08:22 (6034 turns).

Naow the Thaumaturge (Deep Elf Wizard)              Turns: 6034, Time: 00:08:23

Health: -1/41      AC:  4    Str:  4    XL:     8   Next: 1%
Magic:  18/23      EV: 13    Int: 26    God:
Gold:   210        SH:  0    Dex: 13    Spells: 15/26 levels left

rFire    . . .     SeeInvis .   g - +0 halberd
rCold    . . .     Gourm    .   (shield currently unavailable)
rNeg     . . .     Faith    .   a - +0 robe
rPois    .         Spirit   .   b - +0 hat
rElec    .         Reflect  .   h - +0 cloak
rCorr    .         Harm     .   n - +0 pair of gloves
MR       .....                  (no boots)
Stlth    ++........             (no amulet)
Regen    0.2/turn               (no ring)
MPRegen  0.2/turn               (no ring)

@: no status effects
A: no striking features
a: no special abilities


You were on level 6 of the Dungeon.
You were not hungry.

You visited 1 branch of the dungeon, and saw 6 of its levels.

You collected 210 gold pieces.

Inventory:

Hand Weapons
 g - a +0 halberd (weapon)
 q - a +2 spear of piercing
Armour
 a - a +0 robe (worn)
 b - a +0 hat (worn)
 h - a +0 cloak (worn)
 n - a +0 pair of gloves (worn)
Jewellery
 k - an uncursed ring of ice
 t - an uncursed ring of stealth {unknown}
 y - an uncursed amulet of rage {unknown}
Scrolls
 j - 4 scrolls of remove curse {unknown}
 l - 2 scrolls of recharging {unknown}
 m - a scroll of amnesia {unknown}
 p - a scroll of fog {unknown}
 r - a scroll of teleportation {unknown}
 w - a scroll of identify {unknown}
Potions
 e - 3 potions of haste {unknown}
 i - a potion of lignification {unknown}
 o - 2 potions of flight {unknown}
 s - 2 potions of invisibility {unknown}
 u - a potion of curing {unknown}
Books
 c - a book of Minor Magic

   Spells                             Type                      Level
   a - Magic Dart                     Conjuration                  1
   b - Blink                          Translocation                2
   c - Call Imp                       Summoning                    2
   d - Slow                           Hexes                        2
   e - Conjure Flame                  Conjuration/Fire             3
   f - Mephitic Cloud                 Conjuration/Poison/Air       3
Comestibles
 d - 3 bread rations
 f - 2 royal jellies
 v - 8 fruits
 x - 3 chunks of flesh


   Skills:
 - Level 2.4 Dodging
 - Level 2.4 Stealth
 + Level 9.8 Spellcasting
 + Level 7.0 Conjurations
   Level 1.1 Summonings
 - Level 1.1 Translocations


You had 15 spell levels left.
You knew the following spells:

 Your Spells              Type           Power        Failure   Level  Hunger
a - Magic Dart            Conj           ####         1%          1    None
b - Blink                 Tloc           N/A          4%          2    None
c - Conjure Flame         Conj/Fire      ####....     3%          3    None
d - Mephitic Cloud        Conj/Pois/Air  ####....     5%          3    None
e - Slow                  Hex            ##......     7%          2    None


Dungeon Overview and Level Annotations

Branches:
Dungeon (6/15)
 Temple: D:4-7

Altars:
Makhleb
Nemelex Xobeh
Sif Muna
Uskayaw
Yredelemnul

Annotations:
D:4 Kosschaser's ghost, amateur GrFi


Message History

The orc wizard is lightly wounded.
The orc priest invokes the aid of Beogh against you.
Beogh smites you!
Casting: Magic Dart
Confirm with . or Enter, or press ? or * to list all spells.
Aiming: Magic Dart
Press: ? - help, Shift-Dir - straight line, f/p - orc wizard
Aim: an orc wizard, wielding a dagger and wearing a robe (lightly wounded)
The magic dart hits the orc wizard.
The orc wizard is moderately wounded.
Casting: Magic Dart
Confirm with . or Enter, or press ? or * to list all spells.
Aiming: Magic Dart
Press: ? - help, Shift-Dir - straight line, f/p - orc wizard
Aim: an orc wizard, wielding a dagger and wearing a robe (moderately wounded)
The magic dart hits the orc wizard.
The orc wizard is heavily wounded.
The orc priest mumbles some strange prayers to Beogh against you.
Beogh smites you!
You die...

+ ###...##.......#
.....########.#####..
..............#
.............#
..o....>....#
#o.###..####
..##..###..###.§
......o........§§
.......@..<.....§
.<..$.........###
..#######.##### ###


You could see an orc priest, an orc wizard and an orc.

Vanquished Creatures
  2 ogres
  3 bullfrogs
  A crimson imp (D:5)
  8 orc priests
  An iguana (D:4)
  3 orc wizards
  4 worker ants
  A howler monkey zombie (D:5)
  5 gnolls (D:3)
  2 adders (D:3)
  An ooze (D:1)
  3 worms
  3 dart slugs
  5 leopard geckos
  21 orcs
  8 bats
  2 giant cockroaches (D:4)
  9 goblins
  10 hobgoblins
  9 kobolds
  2 ball pythons
  2 frilled lizards (D:1)
  A jackal zombie (D:5)
  A quokka skeleton (D:4)
  2 rats (D:3)
109 creatures vanquished.

Notes
Turn   | Place    | Note
-------+----------+-------------------------------------------
     0 | D:1      | Naow the Deep Elf Wizard began the quest for the Orb.
     0 | D:1      | Reached XP level 1. HP: 10/10 MP: 7/7
   229 | D:1      | Reached XP level 2. HP: 15/15 MP: 3/9
   481 | D:1      | Reached skill level 5 in Spellcasting
   775 | D:1      | Reached XP level 3. HP: 19/19 MP: 8/11
  1950 | D:2      | Reached XP level 4. HP: 13/24 MP: 7/13
  2149 | D:3      | Reached skill level 6 in Spellcasting
  2558 | D:3      | Reached XP level 5. HP: 28/28 MP: 13/15
  2652 | D:3      | Learned a level 2 spell: Blink
  2656 | D:3      | Learned a level 3 spell: Conjure Flame
  2660 | D:3      | Learned a level 3 spell: Mephitic Cloud
  2663 | D:3      | Learned a level 2 spell: Slow
  2803 | D:3      | HP: 1/28 [orc priest/divine providence (15)]
  3375 | D:3      | Reached skill level 7 in Spellcasting
  4163 | D:4      | Reached XP level 6. HP: 28/32 MP: 11/18
  4313 | D:4      | Reached skill level 5 in Conjurations
  4325 | D:4      | Reached skill level 8 in Spellcasting
  4371 | D:4      | Noticed Kosschaser's ghost (amateur GrFi)
  4544 | D:4      | Found a basalt altar of Yredelemnul.
  4682 | D:4      | Reached XP level 7. HP: 19/36 MP: 6/20
  5389 | D:5      | Entered Level 5 of the Dungeon
  5417 | D:5      | Reached skill level 9 in Spellcasting
  5458 | D:5      | Found a deep blue altar of Sif Muna.
  5472 | D:5      | Found a sparkling altar of Nemelex Xobeh.
  5475 | D:5      | Found a hide-covered altar of Uskayaw.
  5524 | D:5      | Found a burning altar of Makhleb.
  6001 | D:6      | Reached XP level 8. HP: 41/41 MP: 18/23
  6034 | D:6      | Killed from afar by an orc priest

Skill      XL: |  1  2  3  4  5  6  7 |
---------------+----------------------+-----
Conjurations   | 2 3 4 5 7 |  7.0
Spellcasting   | 5 6 7 8 9 |  9.8
Dodging        | |  2.4
Stealth        | |  2.4
Summonings     | |  1.1
Translocations | |  1.1

Action                   |  1- 3 |  4- 6 |  7- 9 || total
-------------------------+-------+-------+-------++-------
Melee: Unarmed           |     2 |       |       ||     2
       Halberd           |       |    16 |    19 ||    35
 Cast: Magic Dart        |    83 |   164 |    50 ||   297
       Mephitic Cloud    |       |     5 |     4 ||     9
       Conjure Flame     |       |     4 |       ||     4
       Blink             |       |       |     1 ||     1
  Eat: Chunk             |     3 |     8 |     4 ||    15
Armor: Robe              |    16 |     2 |     5 ||    23
Dodge: Dodged            |    33 |    23 |    19 ||    75
